 Dungeon Crawl Stone Soup version 0.21.0-3-g78d12a8 (webtiles) character file.

379 grindst0ne the Skirmisher (level 6, -7/52 HPs)
             Began as a Demonspawn Chaos Knight on Jan 12, 2018.
             Mangled by kalstrams's ghost (13 damage)
             ... on level 5 of the Dungeon.
             The game lasted 00:06:28 (3569 turns).

grindst0ne the Skirmisher (Demonspawn Chaos Knight) Turns: 3569, Time: 00:06:29

Health: -7/52      AC:  6    Str: 13 (14) XL:     6   Next: 45%
Magic:  6/6        EV: 11    Int: 19 (20) God:    Xom [*.....]
Gold:   111        SH:  0    Dex: 19 (20) Spells: 5/5 levels left

rFire    + . .     SeeInvis .   a - +0 hand axe (chaos)
rCold    + . .     Gourm    .   (no shield)
rNeg     . . .     Faith    .   v - +0 leather armour "Aleusu" {rPois Regen+ Int+5}
rPois    +         Spirit   .   (helmet restricted)
rElec    .         Reflect  .   (no cloak)
rCorr    .         Harm     .   k - +0 pair of gloves
MR       +....                  l - +1 pair of boots
Stlth    ++........             (no amulet)
HPRegen  0.57/turn              d - ring of protection from magic
MPRegen  0.10/turn              n - +5 ring of dexterity

@: drained
A: hooves 1, horns 1, thin skeletal structure 1, blink, clever 1, cold
resistance 1, fire resistance 1
a: Blink, Renounce Religion


You were on level 5 of the Dungeon.
You worshipped Xom.
You were a special plaything of Xom.
You were not hungry.

You visited 2 branches of the dungeon, and saw 6 of its levels.

You collected 111 gold pieces.

Inventory:

Hand Weapons
 a - a +0 hand axe of chaos (weapon)
Armour
 b - a +2 leather armour
 k - a +0 pair of gloves (worn)
 l - a +1 pair of boots (worn)
 s - a +0 chain mail
 v - the +0 leather armour "Aleusu" (worn) {rPois Regen+ Int+5}
   (You found it on level 4 of the Dungeon)

   It affects your intelligence (+5).
   It protects you from poison.
   It increases your rate of regeneration.
Jewellery
 d - a ring of protection from magic (left hand)
 n - a +5 ring of dexterity (right hand)
 u - a +2 ring of strength
Wands
 m - a wand of polymorph (7)
Scrolls
 f - 2 scrolls of amnesia
 g - a scroll of magic mapping {unknown}
 h - 2 scrolls of blinking
 i - 3 scrolls of teleportation
 j - a scroll of holy word
 o - a scroll of fog {unknown}
 q - a scroll of fear
 r - a scroll of remove curse
Potions
 p - a potion of curing
Books
 y - a book of Misfortune

   Spells                             Type                      Level
   a - Confusing Touch                Hexes                        1
   b - Confuse                        Hexes                        3
   c - Gell's Gravitas                Translocation                3
   d - Petrify                        Transmutation/Earth          4
   e - Metabolic Englaciation         Hexes/Ice                    5
   f - Yara's Violent Unravelling     Hexes/Transmutation          5
Comestibles
 c - 6 rations


   Skills:
 * Level 6.2(5.5) Fighting
 + Level 4.3(3.6) Axes
 - Level 1.7(1.1) Armour
 - Level 0.8(0.2) Dodging


You had 5 spell levels left.
You didn't know any spells.

Dungeon Overview and Level Annotations

Branches:
Dungeon (5/15)             Temple (1/1) D:4

Altars:
Ashenzari
Vehumet

Shops:
D:4 %

Annotations:
D:5 kalstrams's ghost, novice TrGl


Innate Abilities, Weirdness & Mutations

You have a pair of small horns on your head.
You have a somewhat thin skeletal structure. (Dex +2, Stealth)
Your flesh is heat resistant. (rF+)
You have large cloven feet.
You can translocate small distances at will.
Your mind is acute. (Int +2)
Your flesh is cold resistant. (rC+)


Message History

You headbutt kalstrams's ghost.
Kalstrams's ghost is lightly damaged.
Xom notices you. Strange energies run through your body.
Kalstrams's ghost hits you!
Kalstrams's ghost completely misses you.
You hit kalstrams's ghost.
Kalstrams's ghost is moderately damaged.
You strike the helpless kalstrams's ghost from behind!
You hit kalstrams's ghost.
Kalstrams's ghost is moderately damaged.
Kalstrams's ghost seems less confused.
Kalstrams's ghost hits you!!
* * * LOW HITPOINT WARNING * * *
You hit kalstrams's ghost. You headbutt kalstrams's ghost.
Kalstrams's ghost is moderately damaged.
Kalstrams's ghost hits you!
* * * LOW HITPOINT WARNING * * *
There is a stone staircase leading up, spattered with blood here.
Kalstrams's ghost hits you!
You die...
Xom roars with laughter!

#......# #.
#.(...(# #.
##'###.... #.
#.# ##.. #. #.#
.. #. ###.#### $
#. #......#
#.#######.#.##.#
#.@W).....#....#
#####.......#..#
#.#####.#..#
#.### #.#..#
#.#.# #.#..#
#.#.# #.#..##
#.#.# #.#...#
#.#.###.#####
#.#.#.......#


You could see kalstrams's ghost.

Vanquished Creatures
  A howler monkey (shapeshifter) (D:4)
  An orc wizard (D:3)
  A centaur skeleton (D:4)
  Jessica (D:2)
  2 worker ants
  2 hound skeletons (D:4)
  A howler monkey skeleton (D:4)
  3 gnolls (D:4)
  4 adders
  An ooze (D:4)
  A worm (D:4)
  4 dart slugs
  5 leopard geckos
  7 orcs
  11 bats
  3 giant cockroaches
  10 goblins
  8 hobgoblins
  4 jackals (D:3)
  3 ball pythons
  4 frilled lizards
  4 kobolds
  6 rats
87 creatures vanquished.

Notes
Turn   | Place    | Note
-------+----------+-------------------------------------------
     0 | D:1      | grindst0ne the Demonspawn Chaos Knight began the quest for the Orb.
     0 | D:1      | Reached XP level 1. HP: 18/18 MP: 1/1
   121 | D:1      | XOM: harmless Conj miscast
   213 | D:1      | Gained mutation: You have a pair of small horns on your head. [demonic ancestry]
   213 | D:1      | Reached XP level 2. HP: 21/24 MP: 2/2
   380 | D:1      | XOM: harmless Ice miscast
   492 | D:1      | XOM: cloud trail
   753 | D:2      | Found a shattered altar of Ashenzari.
   757 | D:2      | Found a radiant altar of Vehumet.
  1121 | D:2      | XOM: noise
  1183 | D:2      | Gained mutation: You have a somewhat thin skeletal structure. (Dex +2, Stealth) [demonic ancestry]
  1183 | D:2      | Reached XP level 3. HP: 30/30 MP: 3/3
  1198 | D:2      | Reached skill level 4 in Fighting
  1297 | D:2      | XOM: god gift: 14 gold pieces
  1505 | D:2      | Noticed Jessica
  1511 | D:2      | Killed Jessica
  1531 | D:2      | Gained mutation: Your flesh is heat resistant. (rF+) [demonic ancestry]
  1531 | D:2      | Reached XP level 4. HP: 31/38 MP: 4/4
  1669 | D:3      | Reached skill level 5 in Fighting
  1677 | D:3      | Reached XP level 5. HP: 34/44 MP: 5/5
  2380 | D:4      | Got a distressingly furry leather armour
  2391 | D:4      | Identified the +0 leather armour "Aleusu" {rPois Regen+ Int+5} (You found it on level 4 of the Dungeon)
  2518 | D:4      | Found Ryedwat's Food Emporium.
  2796 | D:4      | Found a staircase to the Ecumenical Temple.
  2870 | D:4      | Reached XP level 6. HP: 27/52 MP: 6/6
  2875 | D:4      | HP: 2/52 [gnoll/halberd (8)]
  2895 | D:4      | Gained mutation: Your mind is acute. (Int +2) [potion of mutation]
  2895 | D:4      | Gained mutation: Your flesh is cold resistant. (rC+) [potion of mutation]
  2895 | D:4      | Gained mutation: You have large cloven feet. [potion of mutation]
  2895 | D:4      | Gained mutation: You can translocate small distances at will. [potion of mutation]
  2914 | Temple   | Entered the Ecumenical Temple
  2990 | D:4      | Reached skill level 6 in Fighting
  3023 | D:4      | XOM: divination: magic mapping
  3234 | D:5      | Entered Level 5 of the Dungeon
  3325 | D:5      | Noticed kalstrams's ghost (novice TrGl)
  3329 | D:5      | XOM: polymorph leopard gecko -> orc
  3563 | D:5      | XOM: harmless Tmut miscast
  3569 | D:5      | Mangled by kalstrams's ghost

Skill      XL: |  1  2  3  4  5  6 |
---------------+-------------------+-----
Axes           | 3 4 |  4.3
Fighting       | 4 5 6 |  6.2
Armour         | |  1.7
Dodging        | |  0.8

Action                   |  1- 3 |  4- 6 || total
-------------------------+-------+-------++-------
Melee: Hand axe          |    90 |   170 ||   260
       Headbutt          |    10 |    34 ||    44
  Use: Scroll            |       |     7 ||     7
       Potion            |       |     4 ||     4
 Stab: Sleeping          |       |     5 ||     5
       Paralysed         |       |     2 ||     2
       Confused          |       |     3 ||     3
  Eat: Chunk             |     2 |     5 ||     7
       Ration            |       |     1 ||     1
Armor: Leather armour    |    40 |    81 ||   121
       Chain mail        |       |     9 ||     9
Dodge: Dodged            |    65 |   108 ||   173
